 Dungeon Crawl Stone Soup version 0.29.0-11-gd7f09526c8 (webtiles) character file.

Game seed: 13276075906924281595

129003 robertstho the Brawler (level 17, -3/124 HPs)
             Began as a Vine Stalker Berserker on Sept 2, 2022.
             Was a High Priest of Trog.
             Slain by a sphinx (5 damage)
             ... summoned by a demonspawn corrupter
             ... in a wizard's laboratory.
             The game lasted 00:52:44 (23101 turns).

robertstho the Brawler (Vine Stalker Berserker)    Turns: 23101, Time: 00:52:45

Health: -3/124     AC: 26    Str: 27    XL:     17   Next: 4%
Magic:  0/27       EV:  8    Int:  7    God:    Trog [*****.]
Gold:   1939       SH: 18    Dex: 18    Spells: 16/16 levels left

rFire   + + .      SeeInvis .     - Unarmed
rCold   . . .      Faith    .   F - +1 kite shield {reflect}
rNeg    . . .      Spirit   +   j - +2 plate armour {rF+}
rPois   +          Reflect  +   K - +1 hat "Ilacauf" {rElec}
rElec   +          Harm     .   B - +1 cloak {rPois}
rCorr   .          Rampage  .   i - +1 pair of gloves {Dex+3}
Will    ++...                   G - +0 pair of boots
Stlth   ..........              H - amulet of reflection
HPRegen 1.10/turn               y - ring of magical power
MPRegen 0.20/turn               C - ring of protection from fire

@: berserking (expiring), very quick
A: fangs 3, regeneration 1, magic shield, antimagic bite, no potion heal 2,
frail 1
a: Renounce Religion, Berserk, Trog's Hand, Brothers in Arms


You were in a wizard's laboratory.
You worshipped Trog.
Trog was extremely pleased with you.
You visited 4 branches of the dungeon, and saw 23 of its levels.
You also visited: Sewer, Bailey, Gauntlet, Ice Cave and Wizlab.

You collected 2919 gold pieces.
You spent 980 gold pieces at shops.

Inventory:

Hand Weapons
 L - the +8 long sword of the Incandescent {holy, rPois rC++ Int+2}
   (You found it in a bailey)

   It has been blessed by the Shining One to cause great damage to the undead
   and demons.
   Int:       It affects your intelligence (+2).
   rC:        It greatly protects you from cold.
   rPois:     It protects you from poison.
 Q - a +3 scimitar of flaming
Armour
 i - a +1 pair of gloves of dexterity (worn)
 j - a +2 plate armour of fire resistance (worn)
 p - a +1 plate armour of poison resistance
 s - a +0 crystal plate armour of cold resistance
 B - a +1 cloak of poison resistance (worn)
 F - a +1 kite shield of reflection (worn)
 G - a +0 pair of boots (worn)
 K - the +1 hat "Ilacauf" (worn) {rElec}
   (You acquired it in a bailey)

   rElec:     It insulates you from electricity.
Jewellery
 w - a ring of positive energy
 y - a ring of magical power (left hand)
 C - a ring of protection from fire (right hand)
 D - a ring of resist corrosion
 H - an amulet of reflection (around neck)
 N - a ring of poison resistance
 X - a ring of willpower
 Y - a ring of ice
 Z - a ring of ice
Wands
 o - a wand of quicksilver (28)
 v - a wand of roots (26)
 U - a wand of digging (12)
Scrolls
 b - 3 scrolls of poison
 d - a scroll of enchant weapon {unknown}
 e - 5 scrolls of immolation
 f - 7 scrolls of teleportation
 m - 3 scrolls of silence
 n - 5 scrolls of enchant armour
 q - 3 scrolls of blinking
 t - 2 scrolls of brand weapon {unknown}
 z - 3 scrolls of fear
 M - 5 scrolls of fog
 T - a scroll of summoning {unknown}
 W - 2 scrolls of magic mapping
Potions
 a - 4 potions of mutation
 c - 5 potions of brilliance {unknown}
 g - 6 potions of haste
 h - 4 potions of ambrosia
 k - 3 potions of magic {unknown}
 l - 13 potions of curing
 r - 3 potions of flight
 u - 2 potions of attraction {unknown}
 x - 4 potions of invisibility
 A - 4 potions of might
 J - 2 potions of cancellation
 O - 2 potions of resistance
Miscellaneous
 E - a phantom mirror
 R - a condenser vane
 V - a lightning rod (4/4)


   Skills:
 * Level 12.3 Fighting
 + Level 4.7 Long Blades
 * Level 13.9 Armour
 + Level 3.6 Dodging
 + Level 1.3 Stealth
 + Level 9.9 Shields
 + Level 18.6 Unarmed Combat
 + Level 0.5 Evocations


You had 16 spell levels left.
You didn't know any spells.
Your spell library was empty.

Dungeon Overview and Level Annotations

Branches:
Dungeon (15/15)            Temple (0/1) D:4            Lair (5/5) D:8
 Shoals (0/4) Lair:3        Snake (0/4) Lair:2        Slime (0/5) Lair:5
    Orc (2/2) D:10            Elf (1/3) Orc:2        Vaults (0/5) D:13
 Depths (0/4) D:15          Sewer (visited)          Bailey (visited)
  IceCv (visited)          WizLab (1/1)             Gauntlet (visited)

Altars:
Cheibriados
Hepliaklqana
Makhleb
Okawaru
Trog
Wu Jian
Xom
Yredelemnul

Shops:
D:6 [   D:14 !   Orc:2 ((((!

Annotations:
D:3 2 transporters, smilodon's ghost, amateur DsFi
D:12 nickcage's ghost, journeyman MfGl
D:15 2 transporters, mdonais's ghost, journeyman DgDe


Innate Abilities, Weirdness & Mutations

You have razor-sharp teeth.
Your natural rate of healing is unusually fast.
When hurt, damage is shared between your health and your magic reserves.
Your bite disrupts and absorbs the magic of your enemies.
Potions cannot restore your health.
You are frail. (-10% HP)


Message History

The floor.
You hit the demonspawn corrupter but do no damage.
You bite the demonspawn corrupter. You drain its power.
You feel invigorated.
The demonspawn corrupter is lightly wounded.
You feel sick.
You are no longer poisoned.
You miss the demonspawn corrupter.
The demonspawn corrupter is lightly wounded.
You block the sphinx's attack. x2; The sphinx hits you but does no damage.
The demonspawn corrupter hits you with a +0 glaive.
The demonspawn corrupter kicks you but does no damage.
The war gargoyle hits you with a +0 dire flail!!
* * * LOW HITPOINT WARNING * * *
The ironbound convoker closely misses you.
You hit the demonspawn corrupter. You bite the demonspawn corrupter!
You drain its power.
You feel invigorated.
The demonspawn corrupter is lightly wounded.
The ancient champion hits you with a +3 great sword of freezing!!
* * * LOW HITPOINT WARNING * * *
The ancient champion freezes you!
* * * LOW HITPOINT WARNING * * *
You block the war gargoyle's attack.
The sphinx casts a spell.
You easily resist.
You hit the demonspawn corrupter but do no damage.
The demonspawn corrupter is lightly wounded.
The demonspawn corrupter barely misses you.
You block the demonspawn corrupter's attack.
The ancient champion hits you with a +3 great sword of freezing.
* * * LOW HITPOINT WARNING * * *
The ancient champion freezes you.
* * * LOW HITPOINT WARNING * * *
You block the ironbound convoker's attack.
You closely miss the demonspawn corrupter.
Your bite misses the demonspawn corrupter.
The demonspawn corrupter is lightly wounded.
The war gargoyle hits you with a +0 dire flail.
* * * LOW HITPOINT WARNING * * *
You block the sphinx's attack. The sphinx hits you.
You die...

#..........#!~~~~~~.#
#..........÷..~~~~..#
#..........'........#
#...!..8...##########
#+########'#
.......)..#
§§.....)..#
#+##+####9#### #)@6.#
#pzH.# +....# ####+#


You could see a demonspawn corrupter, a sphinx (summoned), an ancient champion
(summoned, fast), a war gargoyle (summoned) and an ironbound convoker
(summoned).

Vanquished Creatures
  Donald (Orc:2)
  Kirke (D:13)
  3 nagarajas (WizLab)
  A fire giant (D:15)
  The ghost of collin38 the Warrior, a journeyman MiBe of Trog (D:12)
  A demonspawn corrupter (WizLab)
  A reaper (IceCv)
  The ghost of Buuhosof the Cleaver, a journeyman GrFi of Trog (Lair:2)
  An entropy weaver (WizLab)
  Azrael (D:15)
  A minotaur (Gauntlet)
  The ghost of smilodon the Hand of Fortune, a journeyman DsFi of Nemelex Xobeh (D:12)
  3 ettins
  The ghost of Uwkeq the Cleaver, a journeyman MiFi (D:12)
  2 boulder beetles (D:15)
  2 deep elf high priests (WizLab)
  4 vault guards (D:13)
  A merfolk avatar (Lair:5)
  5 ogre magi
  Erolcha (D:13)
  4 hydras
  A death knight (D:14)
  3 death yaks (D:8)
  Erica (Lair:1)
  An orc high priest (Bailey)
  6 centaur warriors
  15 two-headed ogres
  Urug (D:10)
  2 death scarabs (Gauntlet)
  2 tengu warriors (D:15)
  The ghost of Netaeli the Spriggan Cataclysm, a journeyman SpVM of Qazlal (D:12)
  Sonja (D:13)
  A hell knight (WizLab)
  2 skeletal warriors (D:14)
  2 sea snakes (Lair:5)
  A glowing orange brain (WizLab)
  8 wizards
  A spriggan druid (WizLab)
  4 deep elf pyromancers
  Pikel (D:7)
  2 orc knights
  A necromancer (WizLab)
  28 ugly things
  A harpy (Lair:5)
  An orc sorcerer (Bailey)
  3 worldbinders (WizLab)
  4 cyclopes
  A cyclops (shapeshifter) (D:14)
  3 manticores
  9 elephants
  3 black mambas
  A torpor snail (Lair:3)
  A guardian serpent (WizLab)
  An ice statue (IceCv)
  17 cane toads
  3 rime drakes
  3 gargoyles
  8 komodo dragons
  2 kobold demonologists
  A tengu conjurer (D:15)
  7 trolls
  A merfolk (Lair:3)
  Grinder (Sewer)
  A hornet (Lair:5)
  3 polar bears (Lair:5)
  2 snapping turtles (Lair:5)
  17 blink frogs
  4 slime creatures (D:14)
  14 dream sheep
  2 spectral black mambas (Gauntlet)
  A centaur simulacrum (D:14)
  3 wraiths
  58 yaks
  4 shadows
  8 humans (D:13)
  5 fire elementals (D:15)
  Eustachio (D:5)
  8 wyverns
  6 basilisks
  2 vampire mosquitoes (D:12)
  4 steam dragons
  A warg (Orc:1)
  A death yak simulacrum (IceCv)
  A harpy simulacrum (IceCv)
  4 nagas (Lair:2)
  2 hydra simulacra (IceCv)
  20 water moccasins
  Duvessa (D:6)
  3 hell hounds (D:15)
  32 orc warriors
  2 ice beasts
  A spectral torpor snail (Gauntlet)
  A black bear (D:5)
  2 sky beasts
  21 wolves
  29 ogres
  12 centaurs
  A phantom (D:7)
  8 kobold brigands
  2 gnoll sergeants
  7 bullfrogs
  A necrophage (D:6)
  3 two-headed ogre simulacra (IceCv)
  3 cane toad simulacra (IceCv)
  A scorpion (D:6)
  3 wights (D:9)
  Dowan (D:6)
  3 elephant simulacra (IceCv)
  7 howler monkeys
  8 electric eels
  A quasit (Sewer)
  18 orc priests
  2 hounds
  2 jellies
  3 iron imps (D:6)
  An iguana (D:6)
  Natasha (thrice) (D:4)
  21 orc wizards
  2 polar bear simulacra (IceCv)
  8 hell rats
  7 troll simulacra (IceCv)
  7 spriggan simulacra (IceCv)
  4 wolf simulacra (IceCv)
  17 gnolls
  7 naga simulacra (IceCv)
  9 adders
  3 river rats
  5 shadow imps
  8 white imps
  12 ufetubi
  3 worms
  A dart slug (D:4)
  72 orcs
  2 endoplasms
  2 giant cockroaches
  22 goblins
  7 hobgoblins
  4 jackals (D:3)
  36 kobolds
  5 quokkas
  9 ball pythons
  8 bats
  3 frilled lizards
  10 rats
841 creatures vanquished.

Vanquished Creatures (collateral kills)
  An orc warlord (Orc:2)
  A spectral boulder beetle (Gauntlet)
  2 orc warriors
  An orc priest (Orc:2)
  5 orcs
10 creatures vanquished.

Vanquished Creatures (others)
  A wizard (Gauntlet)
  A deep elf pyromancer (WizLab)
  Maurice (D:11)
  3 humans (D:13)
  2 white imps (Gauntlet)
  A bat zombie (Sewer)
  An endoplasm (Sewer)
  3 demonic plants (Gauntlet)
  16 fungi
  37 plants
66 creatures vanquished.

Grand Total: 917 creatures vanquished

Notes
Turn   | Place    | Note
-------+----------+-------------------------------------------
     0 | D:1      | robertstho the Vine Stalker Berserker began the quest for
                  | the Orb.
     0 | D:1      | Reached XP level 1. HP: 11/11 MP: 2/2
   132 | D:1      | Reached XP level 2. HP: 15/16 MP: 3/3
   863 | D:2      | Reached XP level 3. HP: 16/20 MP: 2/4
  1103 | D:2      | Reached ** piety under Trog
  1631 | D:3      | Gained mutation: Your natural rate of healing is unusually
                  | fast. [Vine Stalker growth]
  1631 | D:3      | Reached XP level 4. HP: 22/24 MP: 3/5
  1937 | D:3      | Found a transporter.
  1961 | D:3      | Noticed smilodon's ghost (amateur DsFi)
  1964 | D:3      | Found a transporter.
  2216 | D:4      | Noticed Natasha
  2223 | D:4      | Killed Natasha
  2224 | D:4      | Reached XP level 5. HP: 25/29 MP: 4/6
  2268 | D:4      | Reached skill level 4 in Unarmed Combat
  2306 | D:4      | Noticed an ogre
  2306 | D:4      | Noticed Natasha
  2463 | D:4      | Killed Natasha
  2464 | D:4      | Reached XP level 6. HP: 33/33 MP: 7/7
  2480 | D:4      | Noticed Natasha
  2495 | D:4      | Killed Natasha
  2527 | D:4      | Found a staircase to the Ecumenical Temple.
  2716 | D:5      | Entered Level 5 of the Dungeon
  2737 | D:5      | Noticed Eustachio
  2758 | D:5      | Killed Eustachio
  2759 | D:5      | Reached skill level 5 in Unarmed Combat
  2759 | D:5      | Reached XP level 7. HP: 38/38 MP: 6/8
  3062 | D:5      | Reached *** piety under Trog
  3078 | D:5      | Found a glowing drain.
  3083 | Sewer    | Entered a sewer
  3220 | Sewer    | Noticed Grinder
  3238 | Sewer    | Killed Grinder
  3239 | Sewer    | Reached skill level 5 in Fighting
  3239 | Sewer    | Reached skill level 6 in Unarmed Combat
  3239 | Sewer    | Gained mutation: You have razor-sharp teeth. [Vine Stalker
                  | growth]
  3239 | Sewer    | Reached XP level 8. HP: 43/43 MP: 7/9
  3239 | Sewer    | Found a burning altar of Makhleb.
  3528 | D:5      | Reached skill level 1 in Shields
  3955 | D:6      | Reached skill level 5 in Armour
  3958 | D:6      | Reached skill level 7 in Unarmed Combat
  4102 | D:6      | Found Jygheinkyfa's Armour Emporium.
  4111 | D:6      | Bought a +3 scale mail of poison resistance for 276 gold
                  | pieces
  4160 | D:6      | Reached **** piety under Trog
  4190 | D:6      | Noticed Dowan
  4191 | D:6      | Noticed Duvessa
  4198 | D:6      | Killed Duvessa
  4199 | D:6      | Reached XP level 9. HP: 47/47 MP: 10/10
  4209 | D:6      | Killed Dowan
  4416 | D:6      | Found a burning altar of Makhleb.
  4618 | D:6      | Reached skill level 8 in Unarmed Combat
  4849 | D:7      | Found a bloodstained altar of Trog.
  4854 | D:7      | Found a snail-covered altar of Cheibriados.
  4907 | D:7      | Noticed Pikel
  4918 | D:7      | Killed Pikel
  5149 | D:7      | Reached skill level 9 in Unarmed Combat
  5320 | D:8      | Noticed a death yak
  5321 | D:8      | Noticed a death yak
  5338 | D:8      | Noticed a death yak
  5344 | D:8      | Killed a death yak
  5345 | D:8      | Reached XP level 10. HP: 38/53 MP: 5/11
  5349 | D:8      | Killed a death yak
  5355 | D:8      | Killed a death yak
  5357 | D:8      | Reached skill level 10 in Unarmed Combat
  5401 | D:8      | Found a staircase to the Lair.
  6283 | D:9      | Found a hazy altar of Hepliaklqana.
  6432 | D:9      | Noticed a cyclops
  6435 | D:9      | Found a basalt altar of Yredelemnul.
  6439 | D:9      | Killed a cyclops
  6440 | D:9      | Reached XP level 11. HP: 53/58 MP: 12/12
  6491 | D:9      | Found an ornate altar of the Wu Jian Council.
  6492 | D:9      | Found an iron altar of Okawaru.
  6493 | D:9      | Found a shimmering altar of Xom.
  6698 | D:10     | Entered Level 10 of the Dungeon
  6893 | D:10     | Found a flagged portal.
  6900 | D:10     | Reached skill level 11 in Unarmed Combat
  6913 | Bailey   | Entered a bailey
  7133 | Bailey   | Noticed an orc high priest
  7201 | Bailey   | Reached ***** piety under Trog
  7270 | Bailey   | Acquired 722 gold pieces
  7272 | Bailey   | Acquired the +1 hat "Ilacauf" {rElec}
  7284 | Bailey   | Acquired a +1 plate armour of poison resistance
  7364 | Bailey   | Noticed an orc sorcerer
  7379 | Bailey   | Gained mutation: You are frail. (-10% HP) [a neqoxec]
  7381 | Bailey   | Killed an orc sorcerer
  7565 | Bailey   | Found an iron altar of Okawaru.
  7679 | Bailey   | Killed an orc high priest
  7681 | Bailey   | Identified the +8 long sword of the Incandescent {holy,
                  | rPois rC++ Int+2}
  8099 | D:10     | Noticed a sixfirhy
  8139 | D:10     | Noticed Urug
  8153 | D:10     | Killed Urug
  8220 | D:10     | Found a staircase to the Orcish Mines.
  8240 | D:10     | Reached skill level 12 in Unarmed Combat
  8462 | D:11     | Noticed a two-headed ogre
  8471 | D:11     | Killed a two-headed ogre
  8472 | D:11     | Reached XP level 12. HP: 57/57 MP: 13/13
  8655 | D:11     | Noticed Maurice
  8663 | D:11     | Killed Maurice
  9065 | D:12     | Reached skill level 5 in Shields
  9071 | D:12     | Found a runed translucent gate.
  9071 | D:12     | Found a runed translucent gate.
  9071 | D:12     | Found a runed translucent gate.
  9075 | D:12     | Noticed smilodon's ghost (journeyman DsFi)
  9075 | D:12     | Noticed nickcage's ghost (journeyman MfGl)
  9075 | D:12     | Noticed collin38's ghost (journeyman MiBe)
  9076 | D:12     | Noticed Netaeli's ghost (journeyman SpVM)
  9079 | D:12     | Noticed Uwkeq's ghost (journeyman MiFi)
  9099 | D:12     | Reached skill level 13 in Unarmed Combat
  9113 | D:12     | Found a frozen archway.
  9125 | IceCv    | Entered an ice cave
  9289 | IceCv    | Received a gift from Trog
  9335 | IceCv    | Reached skill level 1 in Long Blades
  9984 | IceCv    | Noticed a reaper
  9996 | IceCv    | Killed a reaper
 10969 | Lair:1   | Entered Level 1 of the Lair of Beasts
 11041 | Lair:1   | Noticed Erica
 11052 | Lair:1   | Killed Erica
 11064 | Lair:1   | Reached skill level 10 in Armour
 11079 | Lair:1   | Reached XP level 13. HP: 36/63 MP: 14/14
 11901 | Lair:2   | Noticed Buuhosof's ghost (journeyman GrFi)
 11901 | Lair:2   | Found a large runed translucent door.
 11901 | Lair:2   | Found a large runed translucent door.
 12046 | Lair:2   | Found a staircase to the Snake Pit.
 12102 | Lair:2   | Received a gift from Trog
 12812 | Lair:2   | Killed Buuhosof's ghost
 12911 | Lair:3   | Reached skill level 14 in Unarmed Combat
 13317 | Lair:3   | Reached XP level 14. HP: 48/68 MP: 15/15
 13503 | Lair:3   | Found a staircase to the Shoals.
 13910 | Lair:4   | Reached skill level 10 in Fighting
 14627 | Lair:5   | Entered Level 5 of the Lair of Beasts
 14780 | Lair:5   | Reached skill level 15 in Unarmed Combat
 14934 | Lair:5   | Reached ****** piety under Trog
 15132 | Lair:5   | Found a staircase to the Slime Pits.
 15402 | Lair:5   | Received a gift from Trog
 16204 | D:12     | Killed smilodon's ghost
 16300 | D:12     | Identified the +0 scale mail of Pessimism {Regen+}
 16318 | D:12     | Identified the +1 robe of the Minstrel {Fly Str+3 SInv}
 16343 | D:12     | Killed collin38's ghost
 16351 | D:12     | Killed Uwkeq's ghost
 16427 | D:12     | Killed Netaeli's ghost
 16428 | D:12     | Reached XP level 15. HP: 72/72 MP: 16/16
 16620 | Orc:1    | Entered Level 1 of the Orcish Mines
 16656 | Orc:1    | Reached skill level 16 in Unarmed Combat
 17451 | Orc:2    | Entered Level 2 of the Orcish Mines
 17703 | Orc:2    | Found Uptix's Weapon Boutique.
 17729 | Orc:2    | Found Xabaisho's Weapon Shoppe.
 17902 | Orc:1    | Found a burning altar of Makhleb.
 17991 | Orc:2    | Found Ogyryip's Weapon Boutique.
 17991 | Orc:2    | Found Taeriez's Distillery.
 18061 | Orc:2    | Found a staircase to the Elven Halls.
 18115 | Orc:2    | Bought a potion of curing for 48 gold pieces
 18115 | Orc:2    | Bought a potion of curing for 48 gold pieces
 18115 | Orc:2    | Bought a potion of curing for 48 gold pieces
 18115 | Orc:2    | Bought a potion of heal wounds for 80 gold pieces
 18115 | Orc:2    | Bought a potion of curing for 48 gold pieces
 18115 | Orc:2    | Bought a potion of invisibility for 128 gold pieces
 18122 | Orc:2    | Noticed Donald
 18132 | Orc:2    | Killed Donald
 18168 | Orc:2    | Found Pasifanluo's Firing Range.
 18170 | Orc:2    | Noticed an orc warlord
 18185 | Orc:2    | Killed an orc warlord
 18660 | D:13     | Noticed Kirke
 18667 | D:13     | Killed Kirke
 18667 | D:13     | Received a gift from Trog
 18770 | D:13     | Found a gate to the Vaults.
 18925 | D:13     | Noticed Sonja
 18932 | D:13     | Killed Sonja
 18933 | D:13     | Reached skill level 17 in Unarmed Combat
 19179 | D:13     | Noticed Erolcha
 19189 | D:13     | Killed Erolcha
 19882 | D:14     | Reached XP level 16. HP: 67/79 MP: 17/17
 19961 | D:14     | Found Zuroafocw's Distillery.
 19971 | D:14     | Bought a potion of ambrosia for 128 gold pieces
 19971 | D:14     | Bought a potion of haste for 160 gold pieces
 19971 | D:14     | Bought a potion of degeneration for 16 gold pieces
 20557 | D:15     | Entered Level 15 of the Dungeon
 20666 | D:15     | Found a gate leading to a gauntlet.
 20675 | Gauntlet | Entered a Gauntlet
 20675 | Gauntlet | Found a transporter.
 20675 | Gauntlet | Found a transporter.
 20696 | Gauntlet | Found a transporter.
 20696 | Gauntlet | Found a transporter.
 20699 | Gauntlet | Found a transporter.
 20710 | Gauntlet | Found a transporter.
 20716 | Gauntlet | Found a transporter.
 20718 | Gauntlet | Found a transporter.
 20731 | Gauntlet | Found a transporter.
 20753 | Gauntlet | Found a transporter.
 20779 | Gauntlet | Found a transporter.
 20850 | Gauntlet | Found a transporter.
 21158 | D:15     | Noticed Azrael
 21163 | D:15     | Received a gift from Trog
 21167 | D:15     | Killed Azrael
 21168 | D:15     | Reached skill level 18 in Unarmed Combat
 21236 | D:15     | Found a staircase to the Depths.
 21485 | D:15     | Paralysed by an ogre mage for 2 turns
 21614 | D:15     | Noticed mdonais's ghost (journeyman DgDe)
 21627 | D:15     | Found a bloodstained altar of Trog.
 21632 | D:15     | Found a transporter.
 22094 | D:15     | Found a transporter.
 22222 | D:15     | Identified the +3 robe of Gluttony {rPois Int-5 SInv}
 22514 | Elf:1    | Entered Level 1 of the Elven Halls
 22530 | Elf:1    | Found a magical portal.
 22539 | WizLab   | Entered Alistair's Party Mansion
 22715 | WizLab   | Reached skill level 1 in Stealth
 22880 | WizLab   | Noticed a nagaraja
 22905 | WizLab   | Killed a nagaraja
 23008 | WizLab   | Noticed a nagaraja
 23017 | WizLab   | Killed a nagaraja
 23023 | WizLab   | Reached XP level 17. HP: 31/83 MP: 18/18
 23095 | WizLab   | Noticed an ancient champion
 23095 | WizLab   | Noticed a sphinx
 23099 | WizLab   | HP: 6/124 [ancient champion/+3 great sword of freezing[a
                  | demonspawn corrupter] (6)]
 23100 | WizLab   | HP: 2/124 [ancient champion/+3 great sword of freezing[a
                  | demonspawn corrupter] (2)]
 23101 | WizLab   | Slain by a sphinx

Illustrated notes

Levels and vault maps discovered:
D:1:      lightli_arrival_chessboard, layout_rooms, hex_intersection,
          serial_bayou_pond_d
D:2:      layout_basic
D:3:      layout_rooms, gammafunk_ghost_arena
D:4:      layout_rooms, minmay_temple_entry_statues_pillars, uniq_natasha
D:5:      layout_cave_pods, portal_sewer_entry_e, uniq_eustachio
D:6:      layout_basic, demons_altar, serial_shops, nicolae_shop_hallway_plus,
          uniq_duvessa
D:7:      layout_gridville, mainiacjoe_overflow_big_doors, nrook_pool_corridor,
          uniq_pikel
D:8:      layout_loops_corners, dpeg_lair_monsters
D:9:      layout_basic, mainiacjoe_overflow_surrounded_room,
          chequers_temple_overflow_statue_of_worship, minmay_misc_feat_chi
D:10:     layout_roguey, kennysheep_orc_monster_closet_entryway, enter_bailey_5,
          uniq_urug
D:11:     layout_small_grid, uniq_maurice
D:12:     layout_rooms, gammafunk_ghost_cemetery, serial_corexii_hall,
          chequers_hall_statues_y, corexii_hall_statues_l,
          portal_ice_cave_entry_pillars_2, grunt_ministairs_9
D:13:     layout_long_grid, ximxim_vaults_locker_room, uniq_kirke, uniq_erolcha,
          uniq_sonja
D:14:     layout_basic, nicolae_sextant, serial_shops, nicolae_shop_hallway_plus
D:15:     grunt_enter_depths_giant_problem, layout_long_grid,
          gauntlet_entry_generic, serial_bayou_pond_e,
          gammafunk_ghost_wrathful_warriors, grunt_ministairs_9,
          amcnicky_mini_corridor_feature, uniq_azrael
Lair:1:   layout_regular_city, cheibrodos_lair_caveside_slide,
          lemuel_fruit_fields, uniq_erica
Lair:2:   layout_chaotic_city, minmay_snake_entry_guardpost_small,
          ebering_ghost_disaster_area
Lair:3:   layout_regular_city, elwin_shoals_entry_rooms
Lair:4:   layout_long_grid, grunt_megastairs_3
Lair:5:   gammafunk_lair_ancient_temple, layout_regular_city, slime_entry_1,
          serial_bayou_pond_e, infiniplex_staircase_pool
Orc:1:    layout_diamond_mine, basic_altar
Orc:2:    st_orc_ogre_mass, layout_caves, nicolae_shop_firing_range, uniq_donald
Elf:1:    layout_geoelf_octagon, mu_enter_wizlab_6, special_room
          [special_room_mythical_zoo], hangedman_elven_crosses_minicolossus,
          nicolae_wooded_promenade, drop_trap,
          nicolae_concentric_dashed_squares_mild
WizLab:   wizlab_alistair

Skill      XL: |  1  2  3  4  5  6  7  8  9 10 11 12 13 14 15 16 |
---------------+-------------------------------------------------+-----
Fighting       | 3 4 5 6 7 8 9 10 11 12 | 12.3
Armour         | 2 3 4 5 7 8 9 10 11 12 13 | 13.9
Unarmed Combat | 4 5 6 7 9 10 12 13 14 15 17 18 | 18.6
Dodging        | 2 3 |  3.6
Shields        | 1 2 3 4 5 6 8 9 |  9.9
Long Blades    | 4 |  4.7
Stealth        | 1 |  1.3
Evocations     | |  0.5

Action                   |  1- 3 |  4- 6 |  7- 9 | 10-12 | 13-15 | 16-18 || total
-------------------------+-------+-------+-------+-------+-------+-------++-------
Melee: Unarmed           |   102 |   112 |   282 |   549 |  1342 |   429 ||  2816
       Bite              |    21 |    27 |    73 |   233 |   498 |   177 ||  1029
       Punch             |     1 |     3 |       |       |       |       ||     4
       Long sword        |       |       |       |   147 |       |       ||   147
Invok: Berserk           |       |     3 |     9 |    13 |    21 |    12 ||    58
       Brothers in Arms  |       |       |     1 |       |     2 |     2 ||     5
Evoke: Wand              |       |       |       |       |     6 |       ||     6
  Use: Scroll            |       |       |     6 |    14 |     4 |     3 ||    27
       Potion            |       |       |       |       |     1 |       ||     1
 Stab: Confused          |       |       |       |       |       |     1 ||     1
Armor: Chain mail        |    48 |    54 |   104 |       |       |       ||   206
       Scale mail        |       |       |    39 |    65 |       |       ||   104
       Plate armour      |       |       |       |   129 |       |   109 ||   238
       Crystal plate arm |       |       |       |   113 |   713 |   103 ||   929
Dodge: Dodged            |    34 |    44 |   124 |   185 |   263 |    78 ||   728
Block: Buckler           |       |     3 |    53 |   238 |   589 |       ||   883
       Reflection        |       |       |       |     7 |    10 |    15 ||    32
       Kite shield       |       |       |       |       |   110 |   303 ||   413
